 Dungeon Crawl Stone Soup version 0.27.1-16-g815e20cd7a (webtiles) character file.

Game seed: 15651060213253835232

11 TheCrusader the Sneak (level 2, -2/13 HPs)
             Began as a Spriggan Enchanter on Nov 24, 2021.
             Was a Follower of Yredelemnul.
             Slain by a jackal (3 damage)
             ... on level 2 of the Dungeon.
             The game lasted 00:09:16 (1162 turns).

TheCrusader the Sneak (Spriggan Enchanter)          Turns: 1162, Time: 00:09:17

Health: -2/13      AC:  2    Str:  4    XL:     2   Next: 17%
Magic:  6/6        EV: 17    Int: 16    God:    Yredelemnul [*.....]
Gold:   14         SH:  0    Dex: 15    Spells: 5/6 levels left

rFire    . . .     SeeInvis +   a - +1 dagger
rCold    . . .     Faith    .   (shield restricted)
rNeg     . . .     Spirit   .   b - +0 robe
rPois    .         Reflect  .   (helmet restricted)
rElec    .         Harm     .   (no cloak)
rCorr    .         Rampage  .   (gloves unavailable)
Will     .....                  (boots unavailable)
Stlth    +++.......             (no amulet)
HPRegen  0.04/turn              (no ring)
MPRegen  0.10/turn              (no ring)

@: very quick
A: very small, no large weapons, unfitting armour, see invisible, speed 3
a: Renounce Religion, Animate Remains


You were on level 2 of the Dungeon.
You worshipped Yredelemnul.
Yredelemnul was aware of your devotion.
You visited 1 branch of the dungeon, and saw 2 of its levels.

You collected 14 gold pieces.

Inventory:

Hand Weapons
 a - a +1 dagger (weapon)
 c - a +0 short sword
Armour
 b - a +0 robe (worn)
Potions
 d - a potion of berserk rage {unknown}
 e - a potion of heal wounds {unknown}


   Skills:
 + Level 1.3 Short Blades
 + Level 2.9 Dodging
 + Level 4.9 Stealth
 + Level 2.7 Spellcasting
 + Level 3.8 Hexes
 + Level 0.2 Invocations


You had 5 spell levels left.
You knew the following spells:

 Your Spells              Type           Power      Damage    Failure   Level
a - Corona                Hex            15%        N/A       4%          1

Your spell library contained the following spells:

 Spells                   Type           Power      Damage    Failure   Level
 Confusing Touch          Hex            14%        N/A       12%         3
 Tukima's Dance           Hex            14%        N/A       12%         3
 Ensorcelled Hibernation  Hex/Ice        16%        N/A       13%         2
 Dazzling Flash           Conj/Hex       16%        N/A       26%         3


Dungeon Overview and Level Annotations

Branches:
Dungeon (2/15)

Altars:
Yredelemnul


Innate Abilities, Weirdness & Mutations

You are very small and have problems with some larger weapons.
You are too small for most types of armour.
You have supernaturally acute eyesight. (SInv)
You cover ground extremely quickly. (Speed+++)


Message History

You closely miss the jackal.
The jackal is lightly wounded.
The jackal misses you.
You hit the jackal.
The jackal is heavily wounded.
The adder hisses angrily.
The jackal completely misses you. x2
You barely miss the jackal.
The jackal is heavily wounded.
The jackal completely misses you.
You hit the jackal but do no damage.
The jackal is heavily wounded.
The jackal barely misses you. The adder barely misses you.
You hit the jackal.
The jackal is severely wounded.
The jackal barely misses you. The adder closely misses you.
You barely miss the jackal.
The jackal is severely wounded.
The jackal bites you.
* * * LOW HITPOINT WARNING * * *
The adder barely misses you. The jackal misses you. The jackal misses you.
The jackal stops glowing.
Found 8 gold pieces.
You see here 8 gold pieces.
Found 8 gold pieces.
A hobgoblin comes into view.
A rat comes into view.
There is a stone staircase leading up here.
You climb upwards.
The jackal closely misses you.
There is a stone staircase leading down here.
The jackal bites you.
* * * LOW HITPOINT WARNING * * *
The jackal misses you.
You climb downwards.
There is a stone staircase leading up here.
You fail to use your ability.
The jackal barely misses you. The jackal bites you.
You die...
Your body rises from the dead as a mindless zombie.

.......h.h$#
##.#.#..#
#####.######
#.......# #.#
#.r....... #h#
#..#.....# #.#
#......g..
#.########.####.#.#
#.S...S.##.# .# #
#######.##.####.#
#....hh@h..#
##..##.###.:#
#..............
#..######.. ####
#..# ..# #..# .#
#..# . #..######.
#######.........


You could see 3 jackals.

Vanquished Creatures
  A ball python (D:1)
  2 hobgoblins (D:1)
  3 jackals (D:1)
  A bat (D:1)
  A kobold (D:1)
  A rat (D:1)
9 creatures vanquished.

Vanquished Creatures (collateral kills)
  An endoplasm (D:1)
  A goblin (D:1)
2 creatures vanquished.

Vanquished Creatures (others)
  A bat zombie (D:1)
  A ball python zombie (D:1)
  A goblin zombie (D:1)
  A hobgoblin skeleton (D:1)
  A kobold skeleton (D:1)
  A rat zombie (D:1)
  2 plants (D:1)
8 creatures vanquished.

Grand Total: 19 creatures vanquished

Notes
Turn   | Place    | Note
-------+----------+-------------------------------------------
     0 | D:1      | TheCrusader the Spriggan Enchanter began the quest for the
                  | Orb.
     0 | D:1      | Reached XP level 1. HP: 9/9 MP: 5/5
    91 | D:1      | Found a faded altar of an unknown god.
   370 | D:1      | Became a worshipper of Yredelemnul the Dark
   370 | D:1      | Reached * piety under Yredelemnul
   984 | D:1      | Reached XP level 2. HP: 13/13 MP: 6/6
  1162 | D:2      | Slain by a jackal

Illustrated notes

Levels and vault maps discovered:
D:1:      ncdulo_smallfort, layout_basic, serial_forest,
          infiniplex_forest_straight_1, infiniplex_forest_clump_cross,
          infiniplex_forest_clump_double, infiniplex_forest_end_3,
          infiniplex_forest_clump_tiny, infiniplex_forest_straight_5,
          basic_ecumenical_altar
D:2:      layout_loops_ring, uniq_jessica

Action                   || total
-------------------------++-------
Melee: Dagger            ||    46
 Cast: Corona            ||     7
Invok: Animate Remains   ||     6
 Stab: Sleeping          ||     4
Armor: Robe              ||     7
Dodge: Dodged            ||    67
